 Dungeon Crawl Stone Soup version 0.20.1-1-g8b1a95d (webtiles) character file.

375 KingStallion the Shield-Bearer (level 6, -2/38 HPs)
             Began as a Gargoyle Fighter on Sept 10, 2017.
             Slain by an orc warrior
             ... wielding a +0 short sword
              (6 damage)
             ... on level 4 of the Dungeon on Oct 23, 2017.
             The game lasted 00:10:39 (2812 turns).

KingStallion the Shield-Bearer (Gargoyle Fighter)   Turns: 2812, Time: 00:10:40

Health: -2/38      AC: 12    Str: 26      XL:     6   Next: 72%
Magic:  6/6        EV: 10    Int: 12 (13) God:
Gold:   163        SH:  6    Dex:  8 (9)  Spells: 5/5 levels left

rFire    . . .     SeeInvis .   a - +1 flail
rCold    + . .     Gourm    .   g - +2 buckler
rNeg     + . .     Faith    .   b - +0 scale mail
rPois    ∞         Spirit   .   n - +0 helmet
rElec    +         Reflect  .   (no cloak)
rCorr    .         Harm     .   (no gloves)
MR       .....                  (no boots)
Stlth    ..........             (no amulet)
Regen    0.2/turn               l - +2 ring of intelligence
MPRegen  0.1/turn               (no ring)

@: mighty, very slightly contaminated
A: talons 1, clever 1, cold resistance 1, deterioration 1, negative energy
resistance 1, electricity resistance, unbreathing, petrification resistance, rot
immunity, AC +4
a: no special abilities


You were on level 4 of the Dungeon.
You were not hungry.

You visited 1 branch of the dungeon, and saw 4 of its levels.

You collected 163 gold pieces.

Inventory:

Hand Weapons
 a - a +1 flail (weapon)
Missiles
 v - a tomahawk (quivered)
Armour
 b - a +0 scale mail (worn)
 c - a +0 shield
 g - a +2 buckler (worn)
 n - a +0 helmet (worn)
Jewellery
 l - a +2 ring of intelligence (left hand)
Scrolls
 e - 3 scrolls of remove curse
 j - 5 scrolls of identify
 k - a scroll of immolation
 o - 4 scrolls of teleportation
 p - a scroll of enchant weapon
 u - a scroll of amnesia
 w - a scroll of magic mapping
Potions
 i - a potion of brilliance
 s - a potion of agility
 t - a potion of flight
Comestibles
 f - 3 bread rations
 h - 2 royal jellies
 q - 3 meat rations
 r - 7 chunks of flesh


   Skills:
 * Level 4.1 Fighting
 + Level 4.0 Maces & Flails
 * Level 4.7 Armour
 + Level 1.3 Dodging
 * Level 5.0 Shields


You had 5 spell levels left.
You didn't know any spells.

Dungeon Overview and Level Annotations

Branches:
Dungeon (4/15)             Temple (0/1) D:4

Altars:
Elyvilon
Hepliaklqana
Zin

Shops:
D:4 (


Innate Abilities, Weirdness & Mutations

You are resistant to torment.
Your stone body is resilient. (AC +4)
You are immune to poison.
You resist negative energy. (rN+)
You are resistant to electric shocks. (rElec)
You can survive without breathing.
You are immune to petrification.
You are immune to rotting.
You have sharp toenails.
Your mind is acute. (Int +2)
Your flesh is cold resistant. (rC+)
Your body sometimes deteriorates upon taking damage.


Message History

The orc warrior is moderately wounded.
The orc warrior hits you but does no damage.
You hit the orc warrior but do no damage.
The orc warrior is moderately wounded.
The orc warrior hits you with a short sword. x2
Sorry, you're not good enough to have a special ability.
You feel very mighty all of a sudden.
The orc priest mumbles some strange prayers to Beogh against you.
Beogh smites you!
* * * LOW HITPOINT WARNING * * *
Your body deteriorates!
You feel clumsy. The orc warrior closely misses you.
Okay, then.
You barely miss the orc warrior. Your kick misses the orc warrior.
The orc warrior is moderately wounded.
You block the orc warrior's attack.
You closely miss the orc warrior.
The orc warrior is moderately wounded.
The orc warrior hits you with a short sword.
You die...

#.......# #.#.#####.# #.#
#.......# #.#.......# #.#
#.......# #.#.####### #.#
#.......####.#.#.. #.#
#............#.#.# #.#
#............#.#.#
#............#.#.#
#......(....##.#.#
####.#########.#@# ...#.#
#.#o# ##.#.# #.#o# #.#.#
#.#o# #.#.# #.#.########
##.#.# #.#).......#
.....#########.########.#
##.............# #.#.#
####################.#.#


You could see an orc warrior and 2 orc priests.

Vanquished Creatures
  A gnoll sergeant (D:4)
  A water moccasin skeleton (D:4)
  A crimson imp (D:3)
  A hound (D:4)
  An iguana (D:4)
  A worker ant (D:4)
  5 gnolls (D:4)
  2 adders
  An adder skeleton (D:4)
  A worm (D:3)
  2 dart slugs (D:1)
  A leopard gecko (D:3)
  4 orcs (D:3)
  A ball python (D:2)
  2 giant cockroaches
  6 goblins
  14 hobgoblins
  2 jackals (D:1)
  3 quokkas (D:3)
  9 bats
  9 frilled lizards
  8 kobolds
  6 rats
82 creatures vanquished.

Notes
Turn   | Place    | Note
-------+----------+-------------------------------------------
     0 | D:1      | KingStallion the Gargoyle Fighter began the quest for the Orb.
     0 | D:1      | Reached XP level 1. HP: 14/14 MP: 1/1
   135 | D:1      | Reached XP level 2. HP: 13/19 MP: 2/2
   337 | D:1      | Reached XP level 3. HP: 18/23 MP: 3/3
  1009 | D:2      | Reached skill level 4 in Shields
  1009 | D:2      | Reached XP level 4. HP: 28/28 MP: 4/4
  1155 | D:2      | Found a white marble altar of Elyvilon.
  1156 | D:2      | Found a hazy altar of Hepliaklqana.
  1315 | D:3      | Found a glowing silver altar of Zin.
  1600 | D:3      | Reached skill level 1 in Dodging
  1654 | D:3      | Reached XP level 5. HP: 33/33 MP: 5/5
  1719 | D:3      | Gained mutation: Your flesh is cold resistant. (rC+) [potion of mutation]
  1719 | D:3      | Gained mutation: Your body sometimes deteriorates upon taking damage. [potion of mutation]
  1719 | D:3      | Gained mutation: You have sharp toenails. [potion of mutation]
  1719 | D:3      | Gained mutation: Your mind is acute. (Int +2) [potion of mutation]
  2140 | D:4      | Found a staircase to the Ecumenical Temple.
  2180 | D:4      | Found Tiuvve's Antique Weapon Shoppe.
  2232 | D:4      | Reached XP level 6. HP: 36/38 MP: 6/6
  2630 | D:4      | Reached skill level 5 in Shields
  2797 | D:4      | Noticed an orc warrior
  2812 | D:4      | Slain by an orc warrior

Skill      XL: |  1  2  3  4  5  6 |
---------------+-------------------+-----
Shields        | 4 5 |  5.0
Dodging        | 1 |  1.3
Armour         | 4 |  4.7
Maces & Flails | 3 4 |  4.0
Fighting       | 4 |  4.1

Action                   |  1- 3 |  4- 6 || total
-------------------------+-------+-------++-------
Melee: Flail             |   166 |   219 ||   385
       Kick              |       |    20 ||    20
Throw: Tomahawk          |       |     2 ||     2
  Use: Scroll            |     6 |     2 ||     8
       Potion            |       |     8 ||     8
  Eat: Chunk             |     1 |     6 ||     7
Armor: Scale mail        |   133 |   114 ||   247
Dodge: Dodged            |    75 |    81 ||   156
Block: Shield            |   136 |    50 ||   186
       Buckler           |       |    45 ||    45
